 Dungeon Crawl Stone Soup version 0.29-a0-289-g2178c42546 (webtiles) character file.

Game seed: 9826824423504810062

3 sanka the Ducker (level 1, 20/23 HPs)
             Began as a Gnoll Monk on Mar 17, 2022.
             Was a Believer of Elyvilon.
             Quit the game on level 1 of the Dungeon.
             The game lasted 00:00:46 (82 turns).

sanka the Ducker (Gnoll Monk)                         Turns: 82, Time: 00:00:46

Health: 20/23      AC:  2    Str: 10    XL:     1   Next: 50%
Magic:  1/1        EV: 14    Int:  9    God:    Elyvilon [**....]
Gold:   0          SH:  0    Dex: 14    Spells: 0/0 levels left

rFire   . . .      SeeInvis .   a - +0 hand axe
rCold   . . .      Faith    .   (no shield)
rNeg    . . .      Spirit   .   b - +0 robe
rPois   .          Reflect  .   (no helmet)
rElec   .          Harm     .   (no cloak)
rCorr   .          Rampage  .   (no gloves)
Will    .....                   (no boots)
Stlth   +++.......              (no amulet)
HPRegen 0.07/turn               (no ring)
MPRegen 0.07/turn               (no ring)

@: no status effects
A: fangs 1, strong nose, distributed training
a: Renounce Religion, Purification, Heal Other


You were on level 1 of the Dungeon.
You worshipped Elyvilon.
Elyvilon was pleased with you.
You visited 1 branch of the dungeon, and saw 1 of its levels.


Innate Abilities, Weirdness & Mutations

You have very sharp teeth.
Your uncanny sense of smell can sniff out nearby items.
Your experience applies equally to all skills.


   Skills:
 + Level 6.4 Fighting
 + Level 0.0 Short Blades
 + Level 0.0 Long Blades
 + Level 6.4 Axes
 + Level 0.0 Maces & Flails
 + Level 0.0 Polearms
 + Level 0.0 Staves
 + Level 0.0 Slings
 + Level 0.0 Bows
 + Level 0.0 Crossbows
 + Level 0.0 Throwing
 + Level 0.0 Armour
 + Level 6.4 Dodging
 + Level 4.0 Stealth
 + Level 0.0 Shields
 + Level 0.0 Unarmed Combat
 + Level 0.0 Spellcasting
 + Level 0.0 Conjurations
 + Level 0.0 Hexes
 + Level 0.0 Summonings
 + Level 0.0 Necromancy
 + Level 0.0 Translocations
 + Level 0.0 Transmutations
 + Level 0.0 Fire Magic
 + Level 0.0 Ice Magic
 + Level 0.0 Air Magic
 + Level 0.0 Earth Magic
 + Level 0.0 Poison Magic
 + Level 0.1 Invocations
 + Level 0.0 Evocations


You couldn't memorise any spells.
You didn't know any spells.
Your spell library was empty.

Inventory:

Hand Weapons
 a - a +0 hand axe (weapon)
Armour
 b - a +0 robe (worn)
Potions
 c - a potion of ambrosia

Dungeon Overview and Level Annotations

Branches:
Dungeon (1/15)

Altars:
Elyvilon

.▒..........▒..▒▒▒▒▒
............▒▒†...▒▒
▒.........▒f▒▒.P▒ ▒
▒.........▒▒▒.▒▒▒ ▒
▒.▒▒▒▒...▒▒f...f▒▒
▒▒▒▒.▒
▒..▒▒..P≈P..▒▒
.....▒
▒..▒f..P≈P..P▒
▒▒▒▒▒▒
▒..▒▒f...[.f▒▒
▒...▒▒▒♣g♣▒▒▒ ▒....
▒▒▒ ▒▒▒▒.


There were no monsters in sight!


Message History

You hit the fungus. The quokka barely misses you.
You barely miss the quokka. You bite the quokka.
You kill the quokka!
You hit the fungus.
Unknown command.
Unknown command.
Unknown command.
You see here a quokka corpse.
A nearby fungus withers and dies.
You hit the fungus.
The fungus begins to die.
The fungus is lightly damaged.
Found a faded altar of an unknown god.
You hit the plant but do no damage. You hit the fungus but do no damage.
Found a robe.
Unknown command.
A nearby fungus withers and dies.
You enter the shallow water.
There is a faded altar of an unknown god here.
You cannot tell which god this altar belongs to.
Convert to them anyway?
Elyvilon accepts your prayer! Elyvilon welcomes you!
You can now purify yourself.
You can now heal and attempt to pacify others.
Unknown command.
Press < or > to pray at altars.
Are you sure you want to abandon this character and quit the game? (Confirm with "yes".)

Action                   || total
-------------------------++-------
Melee: Hand axe          ||    10
       Bite              ||     3
 Stab: Sleeping          ||     1
Armor: Robe              ||     1
Dodge: Dodged            ||    10

Levels and vault maps discovered:
D:1:      elethiomel_arrival_shortcut, layout_basic,
          dreamdust_ecumenical_altar_hidden_monk_grotto

Notes
Turn   | Place    | Note
-------+----------+-------------------------------------------
     0 | D:1      | sanka the Gnoll Monk began the quest for the Orb.
     0 | D:1      | Reached XP level 1. HP: 23/23 MP: 1/1
    73 | D:1      | Found a faded altar of an unknown god.
    81 | D:1      | Prayed at the altar of an unknown god.
    81 | D:1      | Became a worshipper of Elyvilon the Healer
    81 | D:1      | Reached * piety under Elyvilon
    81 | D:1      | Reached ** piety under Elyvilon
    82 | D:1      | Quit the game

Vanquished Creatures
  A giant cockroach (D:1)
  A quokka (D:1)
  A bat (D:1)
3 creatures vanquished.

Vanquished Creatures (others)
  2 fungi (D:1)
2 creatures vanquished.

Grand Total: 5 creatures vanquished
